 Dungeon Crawl Stone Soup version 0.30-b1-2-g02819fbbbe (webtiles) character file.

Game seed: 3256211383736617141

58 prikolics the Grasshopper (level 4, -3/40 HPs)
             Began as a Naga Warper on Aug 8, 2023.
             Slain by an adder (4 damage)
             ... on level 2 of the Dungeon.
             The game lasted 00:07:31 (1155 turns).

prikolics the Grasshopper (Naga Warper)             Turns: 1155, Time: 00:07:31

Health: -3/40      AC:  2    Str: 14    XL:     4   Next: 2%
Magic:  3/7        EV:  9    Int: 15    God:
Gold:   87         SH:  0    Dex: 10    Spells: 5/7 levels left

rFire   . . .        a - +0 spear
rCold   . . .        (no shield)
rNeg    . . .        b - +0 leather armour
rPois   +            (no helmet)
rElec   .            (no cloak)
rCorr   .            (no gloves)
SInv    +            (no barding)
Will    .....        (no amulet)
Stlth   +            (no ring)
HPRegen 0.26/turn    (no ring)
MPRegen 0.10/turn

%: no passive effects
@: mighty, brilliant, lethally poisoned (-3 -> -7), very slightly contaminated,
very slow
A: AC +1, large, see invisible, deformed body, poison resistance, slowness 2,
spit poison 1, naga tail 1
a: Spit Poison


You were on level 2 of the Dungeon.
You visited 1 branch of the dungeon, and saw 2 of its levels.

You collected 87 gold pieces.

Inventory:

Hand Weapons
 a - a +0 spear (weapon)
 i - a +0 sling
Missiles
 d - 6 boomerangs of dispersal (quivered)
 j - 8 stones
Armour
 b - a +0 leather armour (worn)
Scrolls
 c - a scroll of blinking
 e - 2 scrolls of enchant weapon {unknown}
 g - 5 scrolls of identify {unknown}
 h - 2 scrolls of teleportation {unknown}
 k - 2 scrolls of noise {unknown}
 m - a scroll of brand weapon {unknown}


   Skills:
 + Level 2.6 Fighting
 + Level 2.6 Polearms
 + Level 0.8 Throwing
 - Level 0.7 Armour
 + Level 1.6 Dodging
 * Level 1.6 Stealth
 + Level 2.2 Spellcasting
 * Level 3.5 Translocations


You had 5 spell levels left.
You knew the following spells:

 Your Spells              Type           Power      Damage    Failure   Level
a - Blink                 Tloc           36%        N/A       10%         2

Your spell library contained the following spells:

 Spells                   Type           Power      Damage    Failure   Level
 Lesser Beckoning         Tloc           36%        N/A       10%         2
 Gell's Gravitas          Tloc           18%        N/A       19%         3
 Teleport Other           Tloc           18%        N/A       19%         3
 Scorch                   Fire           4%         2d5       38%         2
 Vhi's Electric Charge    Tloc/Air       20%        N/A       38%         3
 Manifold Assault         Tloc           18%        N/A       54%         4
 Summon Guardian Golem    Hex/Summ       2%         N/A       63%         3
 Flame Wave               Conj/Fire      2%         2d4       95%         4
 Summon Cactus Giant      Summ           1%         N/A       100%        6
 Orb of Destruction       Conj           1%         9d5       100%        7
 Spellforged Servitor     Conj/Summ      1%         N/A       100%        7


Dungeon Overview and Level Annotations

Branches:
Dungeon (2/15)

Altars:
The Shining One


Innate Abilities, Weirdness & Mutations

Your serpentine skin is tough. (AC +1)
You have supernaturally acute eyesight. (SInv)
Armour fits poorly on your strangely shaped body.
Your system is resistant to poisons. (rPois)
You cover ground very slowly.
You can spit poison.
You have a snake-like lower body.


Message History

* * * LOW HITPOINT WARNING * * *
The adder barely misses you.
Casting: Blink (safe; 10% risk of failure)
Confirm with . or Enter, or press ? or * to list all spells.
You feel a surge of power!
You blink.
You are too injured to fight recklessly!
Reach: a) +0 spear
Press: ? - help, Dir - move target, f/p - adder
Aim: an adder (translocational energy, heavily wounded, poisoned, about 58% to evade your +0 spear)
You reach to attack!
You puncture the adder!
You kill the adder!
You have got your breath back.
You have reached level 4!
You feel stronger.
Aiming: Spit Poison (1% risk of failure)
Press: ? - help, Shift-Dir - straight line, f - adder
Aim: an adder (translocational energy, severely wounded, 37% to hit)
The splash of poison misses the adder.
You closely miss the adder. Your punch misses the adder.
The adder is severely wounded.
The adder bites you but does no damage. The adder bites you.
* * * LOW HITPOINT WARNING * * *
Throw: 7 boomerangs (disperse)
Press: ? - help, Q - select action, (/) - cycle Shift-Dir - straight line, f/p - adder
Aim: an adder (severely wounded, 35% to hit)
You throw a boomerang of dispersal.
The boomerang of dispersal closely misses the adder.
You feel stable enough to blink again. The adder bites you but does no damage.
Casting: Blink (safe; 10% risk of failure)
Confirm with . or Enter, or press ? or * to list all spells.
You feel a surge of power!
You miscast Blink.
You are very lightly contaminated with residual magic.
Nothing appears to happen.
You have got your breath back.
The adder bites you.
* * * LOW HITPOINT WARNING * * *
You are lethally poisoned!
The adder poisons you! The adder bites you.
You die...

#..##..## #.. #..##..# ..
#..##.# . #...#†# #...# ##..#
##†# ##S.# ## ##.@## #######
.# ##..## #.....# .## ##..##
#.###.# ..###### #..## #.#
#.# #......# #.## ###.###.#
######.# #.# #.......# ## #.#
##.# #.#.#######
.#####.####..# #.#.#.....#
.##.........#######.#.##.#.##


You could see an adder.

Vanquished Creatures
  A gnoll (D:1)
  An adder (D:2)
  A worm (D:2)
  A dart slug (D:1)
  2 ball pythons (D:1)
  2 bats (D:1)
  4 endoplasms (D:1)
  3 giant cockroaches
  2 hobgoblins
  3 jackals (D:2)
  3 quokkas (D:1)
  2 frilled lizards
  2 goblins (D:1)
  A kobold (D:1)
  5 rats
33 creatures vanquished.

Vanquished Creatures (others)
  A plant (D:2)
1 creature vanquished.

Grand Total: 34 creatures vanquished

Notes
Turn   | Place    | Note
-------+----------+-------------------------------------------
     0 | D:1      | prikolics the Naga Warper began the quest for the Orb.
     0 | D:1      | Reached XP level 1. HP: 19/19 MP: 3/3
   107 | D:1      | Reached XP level 2. HP: 27/27 MP: 5/5
   119 | D:1      | Learned a level 2 spell: Blink
   369 | D:1      | Reached XP level 3. HP: 9/33 MP: 6/6
   856 | D:2      | Found a glowing golden altar of the Shining One.
  1001 | D:2      | Reached skill level 1 in Stealth
  1042 | D:2      | Found a faded altar of an unknown god.
  1152 | D:2      | Reached XP level 4. HP: 3/40 MP: 3/7
  1153 | D:2      | HP: 2/40 [adder (1)]
  1155 | D:2      | Slain by an adder

Illustrated notes

Levels and vault maps discovered:
D:1:      tarquinn_simple_flora_water_c, layout_rooms
D:2:      minmay_alternating_diamond, layout_basic, basic_altar,
          shapermc_ecumenical_altar_mp_urbaneastern, roderic_serpentine_path

Skill      XL: |  1  2  3 |
---------------+----------+-----
Stealth        | 1 |  1.6
Fighting       | |  2.6
Polearms       | |  2.6
Throwing       | |  0.8
Armour         | |  0.7
Dodging        | |  1.6
Spellcasting   | |  2.2
Translocations | |  3.5

Action                     |  1- 3 |  4- 6 || total
---------------------------+-------+-------++-------
  Melee: Spear             |    73 |     1 ||    74
         Punch             |     1 |       ||     1
  Throw: Boomerang         |       |     1 ||     1
   Cast: Blink             |     5 |       ||     5
Ability: Spit Poison       |    28 |     1 ||    29
    Use: Potion            |     2 |       ||     2
   Stab: Sleeping          |     1 |       ||     1
 Armour: Leather armour    |    27 |     2 ||    29
  Dodge: Dodged            |    54 |       ||    54
